General information
			
			
        
        - name: 1v1 Obs from 0bs w/ <13
 
        - type: Custom game
 
        - host: ElectricCoolAid
 
        - saver: TIMG4STRok
 
        
map: TwistedMeadows 
        - players: 12
 
        - length: 16:32
 
        - speed: Fast
 - version: 1.22 W3XP
 - replay type:  

 
» download(86 KB)
Players
        team 1 (winner) 
              
              
» 
S(o)L (
orange | 199 APM | 3295 actions | 16:32)
              
 5 Blademaster 
 3 Critical Strike
 2 Wind Walk
 3 Shadow Hunter 
 1 Hex
 2 Healing Wave
 
                » actions 
                
                | Assign group hotkey | 38 |  | 
| Basic commands | 10 |  | 
| Build / train | 70 |  | 
| ESC pressed | 3 |  | 
| Enter build submenu | 15 |  | 
| Enter hero's abilities submenu | 8 |  | 
| Give item / drop item | 7 |  | 
| Right click | 1464 |  | 
| Select / deselect | 476 |  | 
| Select group hotkey | 1055 |  | 
| Use ability | 149 |  | 
                3295 total
 » units 
                
                | Peon | 9 |  | 
| Grunt | 8 |  | 
| Raider | 6 |  | 
| Spirit Walker | 3 |  | 
                26 total
 » upgrades
                
                | Berserker Strength | 1 |  | 
| Ensnare | 1 |  | 
| Spirit Walker Training | 1 |  | 
| Armor | 1 |  | 
                4 total
 » buildings
                
                | Altar of Storms | 1 |  | 
| Orc Burrow | 5 |  | 
| Barracks | 1 |  | 
| Voodoo Lounge | 3 |  | 
| Stronghold | 1 |  | 
| Beastiary | 1 |  | 
| Spirit Lodge | 1 |  | 
| War Mill | 1 |  | 
                14 total
 » build order
                00:05 Altar of Storms
00:14 Orc Burrow
00:37 Barracks
01:27 Orc Burrow
01:54 Voodoo Lounge
03:02 Stronghold
03:53 Orc Burrow
04:20 Voodoo Lounge
04:33 Voodoo Lounge
05:54 Beastiary
06:43 Orc Burrow
07:54 Spirit Lodge
13:20 Orc Burrow
13:21 War Mill
» items
                
                | Circlet of Nobility | 1 |  | 
| Boots of Speed | 1 |  | 
| Healing Salve | 8 |  | 
| Scroll of Speed | 3 |  | 
| Lesser Clarity Potion | 9 |  | 
| Potion of Healing | 1 |  | 
| Scroll of Town Portal | 1 |  | 
| Scroll of Healing | 3 |  | 
| Potion of Lesser Invulnerability | 1 |  | 
| Dust of Appearance | 1 |  | 
                29 total
  
               team 2 (loser) 
              
              
» 
TIMG4STRok (
gray | 200 APM | 3304 actions | 16:32)
              
 3 Blademaster 
 2 Wind Walk
 1 Critical Strike
 3 Shadow Hunter 
 1 Hex
 2 Healing Wave
 
                » actions 
                
                | Assign group hotkey | 34 |  | 
| Basic commands | 96 |  | 
| Build / train | 62 |  | 
| ESC pressed | 1 |  | 
| Enter build submenu | 12 |  | 
| Enter hero's abilities submenu | 6 |  | 
| Give item / drop item | 4 |  | 
| Right click | 1637 |  | 
| Select / deselect | 291 |  | 
| Select group hotkey | 1050 |  | 
| Use ability | 111 |  | 
                3304 total
 » units 
                
                | Peon | 7 |  | 
| Grunt | 7 |  | 
| Raider | 12 |  | 
| Spirit Walker | 3 |  | 
| Forest Troll Shadow Priest | 2 |  | 
| Mud Golem | 1 |  | 
                32 total
 » upgrades
                
                | Berserker Strength | 1 |  | 
| Ensnare | 1 |  | 
| Spirit Walker Training | 1 |  | 
| Pillage | 1 |  | 
| Melee Weapons | 1 |  | 
| Spiked Barricades | 1 |  | 
                6 total
 » buildings
                
                | Altar of Storms | 1 |  | 
| Orc Burrow | 5 |  | 
| Barracks | 1 |  | 
| Stronghold | 1 |  | 
| Voodoo Lounge | 1 |  | 
| Beastiary | 1 |  | 
| Spirit Lodge | 1 |  | 
| War Mill | 1 |  | 
| Great Hall | 1 |  | 
| Fortress | 1 |  | 
                14 total
 » build order
                00:04 Altar of Storms
00:13 Orc Burrow
00:45 Barracks
01:27 Orc Burrow
02:39 Stronghold
03:24 Voodoo Lounge
03:25 Orc Burrow
05:06 Beastiary
05:58 Spirit Lodge
06:18 Orc Burrow
10:57 War Mill
14:36 Great Hall
14:53 Orc Burrow
15:52 Fortress
» items
                
                | Healing Salve | 2 |  | 
| Lesser Clarity Potion | 7 |  | 
| Scroll of Speed | 2 |  | 
| Dust of Appearance | 1 |  | 
| Potion of Healing | 1 |  | 
| Potion of Mana | 1 |  | 
                14 total
  
               observersElectricCoolAid, 
Pzkpfw-Puff, 
ActionJackson3, 
DeadGod, 
Lewl.Skewl, 
fugs, 
friedchickenyum, 
mannerburn, 
sylar_93, 
RobLovesToObs Chat log
          (00:06 / All) TIMG4STRok: gg gl
(00:08 / All) S(o)L: gl hf
(08:04 / All) TIMG4STRok: oops
(16:31 / All) TIMG4STRok: gg